 Dungeon Crawl Stone Soup version 0.29-a0-297-g7659ce593d (webtiles) character file.

Game seed: 1508540876815859766

2 Lossy the Ducker (level 1, 0/10 HPs)
             Began as a Felid Berserker on Mar 22, 2022.
             Was a Follower of Trog.
             Slain by a kobold
             ... wielding a +0 short sword
              (6 damage)
             ... on level 1 of the Dungeon.
             The game lasted 00:01:01 (121 turns).

Lossy the Ducker (Felid Berserker)                   Turns: 121, Time: 00:01:01

Health: 0/10       AC:  1    Str: 13    XL:     1   Next: 33%
Magic:  2/2        EV: 18    Int:  8    God:    Trog [*.....]
Gold:   16         SH:  0    Dex: 15    Spells: 0/0 levels left
                                        Lives:  0   Deaths: 0

rFire   . . .      SeeInvis +     - Unarmed
rCold   . . .      Faith    .   (shield unavailable)
rNeg    . . .      Spirit   .   (body armour unavailable)
rPois   .          Reflect  .   (helmet unavailable)
rElec   .          Harm     .   (cloak unavailable)
rCorr   .          Rampage  .   (gloves unavailable)
Will    .....                   (boots unavailable)
Stlth   +.........              (no amulet)
HPRegen 0.03/turn               (no ring)
MPRegen 0.08/turn               (no ring)

@: quick
A: very small, claws 1, fangs 3, see invisible, speed 1, shaggy fur 1, stealthy
paws, no weapons or thrown items, no armour, multi-lived
a: Renounce Religion, Berserk


You were on level 1 of the Dungeon.
You worshipped Trog.
Trog was aware of your devotion.
You visited 1 branch of the dungeon, and saw 1 of its levels.

You collected 16 gold pieces.

Inventory:

Armour
 a - a scarf of resistance
Potions
 c - a potion of berserk rage {unknown}


   Skills:
 + Level 3.0 Fighting
 + Level 4.1 Dodging
 + Level 3.0 Unarmed Combat


You couldn't memorise any spells.
You didn't know any spells.
Your spell library was empty.

Dungeon Overview and Level Annotations

Branches:
Dungeon (1/15)

Altars:


Innate Abilities, Weirdness & Mutations

You have sharp claws.
You have razor-sharp teeth.
You have supernaturally acute eyesight. (SInv)
You cover ground quickly. (Speed+)
You are covered in fur. (AC +1)
Your paws help you pounce on unaware monsters.
You are incapable of wielding weapons or throwing items.
You cannot wear armour.
You gain extra lives every three experience levels.


Message History

The bat hits you but does no damage. The bat completely misses you.
You closely miss the bat. The bat barely misses you.
You miss the bat. Your bite misses the bat. The bat barely misses you.
The bat closely misses you. The bat hits you.
You barely miss the bat. Your bite misses the bat. The bat closely misses you.
The bat misses you. x2
You see here a scarf of resistance.
You claw the bat!
You kill the bat!
Trog accepts your kill.
You see here a bat corpse.
You see here a scarf of resistance.
You see here a scarf of resistance.
a - a scarf of resistance
b - a scroll labelled KYOREPR NAINURAI
There are no items here.
c - a silvery potion
As you read the scroll labelled KYOREPR NAINURAI, it crumbles to dust.
You feel strangely unstable.
It was a scroll of teleportation.
You see here a +0 long sword.
Your surroundings suddenly seem different.
A kobold comes into view. It is wielding a +1 dagger of draining.
Found a scroll labelled OWUEROYLAS and a dyed leather armour.
Found a stone staircase leading down.
The kobold shouts!
You hear a shout! x2; You hear an angry hiss.
A hobgoblin comes into view.
A kobold comes into view. It is wielding a +0 short sword.
You miss the kobold. You bite the kobold.
You kill the kobold!
Trog accepts your kill.
Things that are here:
a +1 dagger of draining; a kobold corpse The kobold completely misses you.
You barely miss the kobold.
A frilled lizard comes into view.
The kobold hits you with a +0 short sword.
Ouch! That really hurt!
You die...

#. #. .## #..
#.##.. .
.#....#.# ..
..#..#.##
...#.......#
...#?....####
#.>...l....
#.K...# #g@)..#
#......#.#
..........[..
....##########
.## #########
###.......###
##...........#
##....##'##....#
#...####.####...


You could see a hobgoblin, a kobold and a frilled lizard (wandering).

Vanquished Creatures
  A ball python (D:1)
  A bat (D:1)
  A kobold (D:1)
  A rat (D:1)
4 creatures vanquished.

Notes
Turn   | Place    | Note
-------+----------+-------------------------------------------
     0 | D:1      | Lossy the Felid Berserker began the quest for the Orb.
     0 | D:1      | Reached XP level 1. HP: 10/10 MP: 2/2
   121 | D:1      | Slain by a kobold

Illustrated notes

Levels and vault maps discovered:
D:1:      dpeg_arrival_concentric_ovals, layout_loops_ring,
          ebering_ecumenical_altar_mist, hangedman_decor_clover_reticule

Action                   || total
-------------------------++-------
Melee: Unarmed           ||     8
       Bite              ||     1
  Use: Scroll            ||     1
Armor: Skin              ||     1
Dodge: Dodged            ||    17

Table legend: (Time is in decaauts)
 A = Elapsed time spent in this place.
 B = Non-inter-level travel time spent in this place.
 C = Inter-level travel time spent in this place.
 D = Time resting spent in this place.
 E = Time spent auto-exploring this place.
 F = Levels seen in this place.
 G = Mean time per level.
                   A        B        C        D        E       F      G
               +--------+--------+--------+--------+--------+-----+--------+
         Total |    100 |    100 |      0 |      0 |      0 |   1 |  100.0 |
       Dungeon |    100 |    100 |      0 |      0 |      0 |   1 |  100.0 |
               +--------+--------+--------+--------+--------+-----+--------+

Top non-repeatable levels by time:
     D:1: 100 daAuts
